 Dungeon Crawl Stone Soup version 0.27.1-1-g398f81649c (webtiles) character file.

Game seed: 12079310860206851547

284 MajorAdolf the Caller (level 6, -2/57 HPs)
             Began as a Naga Wanderer on Sept 7, 2021.
             Slain by a jelly (3 damage)
             ... on level 3 of the Dungeon.
             The game lasted 00:06:28 (4102 turns).

MajorAdolf the Caller (Naga Wanderer)               Turns: 4102, Time: 00:06:29

Health: -2/57      AC: -4    Str: 16    XL:     6   Next: 29%
Magic:  6/6        EV:  6    Int: 11    God:
Gold:   98         SH:  4    Dex: 12    Spells: 4/5 levels left

rFire    . . .     SeeInvis +   o - +0 whip (elec)
rCold    . . .     Faith    .   k - +0 buckler
rNeg     . . .     Spirit   .   c - +2 scale mail
rPois    +         Reflect  .   (no helmet)
rElec    .         Harm     .   (no cloak)
rCorr    .         Rampage  .   (no gloves)
Will     .....                  (no barding)
Stlth    ..........             (no amulet)
HPRegen  0.19/turn              (no ring)
MPRegen  0.10/turn              (no ring)

@: silenced, corroded, attractive, very slow
A: AC +2, large, see invisible, deformed body, poison resistance, slowness 2,
spit poison 1, naga tail 1
a: Spit Poison


You were on level 3 of the Dungeon.
You visited 1 branch of the dungeon, and saw 3 of its levels.

You collected 98 gold pieces.

Inventory:

Hand Weapons
 a - a +0 dagger
 h - a +0 falchion
 l - a +0 mace of holy wrath
 o - a +0 whip of electrocution (weapon)
 r - a +1 whip of draining
Missiles
 b - 29 poisoned darts
Armour
 c - a +2 scale mail (worn)
 j - a +0 leather armour
 k - a +0 buckler (worn)
Scrolls
 e - a scroll of enchant armour {unknown}
 f - a scroll of noise {unknown}
 g - a scroll of amnesia {unknown}
 i - a scroll of immolation {unknown}
 m - 4 scrolls of teleportation {unknown}
 n - 2 scrolls of magic mapping {unknown}
 p - a scroll of enchant weapon {unknown}


   Skills:
 - Level 4.0 Fighting
 + Level 1.4 Maces & Flails
 - Level 1.7 Throwing
 - Level 1.0 Armour
 + Level 1.6 Shields
 + Level 2.9 Hexes
 + Level 4.2 Summonings
 - Level 2.6 Poison Magic


You had 4 spell levels left.
You knew the following spells:

 Your Spells              Type           Power      Damage    Failure   Level
a - Summon Small Mammal   Summ           36%        N/A       26%         1

Your spell library contained the following spells:

 Spells                   Type           Power      Damage    Failure   Level
 Summon Guardian Golem    Hex/Summ       7%         N/A       71%         3


Dungeon Overview and Level Annotations

Branches:
Dungeon (3/15)

Altars:
Cheibriados
Makhleb


Innate Abilities, Weirdness & Mutations

Your serpentine skin is tough. (AC +2)
You have supernaturally acute eyesight. (SInv)
Armour fits poorly on your strangely shaped body.
Your system is resistant to poisons. (rPois)
You cover ground very slowly.
You can spit poison.
You have a snake-like lower body.


Message History

You hear a distant slurping noise.
The door mysteriously vanishes.
The jelly hits something.
You hit the jelly. The acid corrodes you!
Your hands burn!
The jelly is moderately wounded.
The jelly hits something.
The jelly hits you but does no damage.
You hit the jelly but do no damage. Lightning courses through the jelly!
You kill the jelly!
The endoplasm hits something.
You see here a kobold corpse.
You hit the jelly but do no damage.
Your hands burn!
The jelly hits you but does no damage.
Your shield and scale mail prevent you from hitting the jelly.
The jelly hits you.
You are splashed with acid!
You hit the jelly. The acid corrodes you!
Your hands burn!
The jelly is moderately wounded.
The jelly hits you.
You are splashed with acid!
Okay, then.
You aren't carrying any items that you can evoke.
As you read the scroll labelled RIR VIUSOR PEE, it crumbles to dust.
A profound silence engulfs you.
It was a scroll of silence.
The jelly barely misses you.
Magic scrolls do not work when you're silenced!
Unknown command.
The jelly hits you. The acid corrodes you!
You are splashed with acid!
The jelly hits you. The acid corrodes you!
You are splashed with acid!
* * * LOW HITPOINT WARNING * * *
It was a potion of attraction.
You feel attractive to monsters. The jelly hits you.
* * * LOW HITPOINT WARNING * * *
You are splashed with acid!
* * * LOW HITPOINT WARNING * * *
The endoplasm is pulled toward you!
There is an open door here.
Unknown command.
You aren't carrying any items that you can evoke.
The jelly is pulled toward you! The jelly hits you.
You die...

.....# #.#..### #.#
#. ####.# #......#
#.##### #. #.#
###'''## ###.....###.
#.# ##.).##
#.....<....< #.#
##.....#########.####
#.# #...)...# #.# #.#
#.......# #.# #.#
#.......# #.# ##.#
#...@...# #.# #..#
####J...# #.# #.##
##J.J....# #.# #.#
#.######## #.# #)#
##..JJJ.## #.#
###.####### #######J#
#.# ...)......#


.JJPJJJ.J# #.# ....####### .P.J.J÷..# #####.# .....# ÷PJPJPJP÷# #.....# You
could see a jelly and an endoplasm.

Vanquished Creatures
  A black bear (D:3)
  A jelly (D:3)
  An orc priest (D:2)
  An orc wizard (D:2)
  A gnoll (D:1)
  An adder (D:2)
  A worm (D:2)
  A dart slug (D:2)
  6 orcs
  5 endoplasms
  3 giant cockroaches
  5 goblins
  7 hobgoblins
  12 jackals
  14 kobolds
  6 ball pythons
  4 bats
  2 frilled lizards
  2 rats
74 creatures vanquished.

Vanquished Creatures (others)
  6 fungi (D:3)
  5 toadstools (D:3)
11 creatures vanquished.

Grand Total: 85 creatures vanquished

Notes
Turn   | Place    | Note
-------+----------+-------------------------------------------
     0 | D:1      | MajorAdolf the Naga Wanderer began the quest for the Orb.
     0 | D:1      | MajorAdolf set off with the following items: a +0 dagger,
                  | 10 poisoned darts, a +2 scale mail; and the following spell
                  | memorised: Summon Small Mammal; and the following spells
                  | available to memorise: Summon Guardian Golem
     0 | D:1      | Reached XP level 1. HP: 22/22 MP: 1/1
    49 | D:1      | Reached skill level 1 in Summonings
   325 | D:1      | Reached XP level 2. HP: 29/30 MP: 2/2
  1102 | D:1      | Reached XP level 3. HP: 32/36 MP: 3/3
  1253 | D:1      | Found a faded altar of an unknown god.
  1876 | D:2      | Reached XP level 4. HP: 41/44 MP: 4/4
  3173 | D:2      | Reached skill level 1 in Shields
  3173 | D:2      | Reached XP level 5. HP: 50/50 MP: 5/5
  3553 | D:3      | Found a burning altar of Makhleb.
  3672 | D:3      | Noticed a black bear
  3679 | D:3      | Killed a black bear
  3680 | D:3      | Reached skill level 1 in Maces & Flails
  3680 | D:3      | Reached XP level 6. HP: 45/57 MP: 6/6
  3765 | D:3      | Found a snail-covered altar of Cheibriados.
  4099 | D:3      | HP: 1/57 [acid (10)]
  4102 | D:3      | Slain by a jelly

Illustrated notes

Levels and vault maps discovered:
D:1:      dpeg_arrival_leaves_temple_mockup, layout_loops_ring,
          dreamdust_ecumenical_altar_angels_and_demons, minmay_misc_feat_doors
D:2:      layout_rooms, serial_corexii_hall, corexii_hall_statues_l,
          chequers_hall_statues_y
D:3:      cheibrodos_fertilizer, layout_loops_ring, cheibriados_altar_1,
          mainiacjoe_overflow_paths

Skill      XL: |  1  2  3  4  5 |
---------------+----------------+-----
Summonings     | 1 2 3 4 |  4.2
Hexes          | 2 |  2.9
Shields        | 1 |  1.6
Maces & Flails | 1 |  1.4
Fighting       | |  4.0
Throwing       | |  1.7
Armour         | |  1.0
Poison Magic   | |  2.6

Action                   |  1- 3 |  4- 6 || total
-------------------------+-------+-------++-------
Melee: Dagger            |    70 |       ||    70
       Falchion          |    49 |    92 ||   141
       Whip              |       |    46 ||    46
Throw: Dart              |     2 |       ||     2
 Cast: Summon Small Mamm |     1 |       ||     1
 Abil: Spit Poison       |    20 |    14 ||    34
  Use: Scroll            |       |     1 ||     1
       Potion            |       |     1 ||     1
Armor: Scale mail        |    74 |   128 ||   202
Dodge: Dodged            |    39 |    68 ||   107
Block: Buckler           |       |    16 ||    16
       Rpst.: Falchion   |     2 |    12 ||    14
